[Event "RUS-ch Rapid 2021"]
[Site "Sochi"]
[Date "2021.10.13"]
[Round "7.9"]
[White "Pridorozhni, Aleksei"]
[Black "Kobalia, Mikhail"]
[Result "1-0"]
[ECO "B11"]
[WhiteElo "2564"]
[BlackElo "2600"]
[Annotator "RC"]
[PlyCount "87"]
[EventDate "2021.10.12"]
[EventType "swiss"]
[EventCountry "RUS"]
[SourceTitle "playchess.com"]
[Source "ChessBase"]
[SourceQuality "1"]
[TimeControl "900+10"]

1. e4 c6 2. Nc3 d5 3. Nf3 dxe4 4. Nxe4 Nf6 5. Qe2 Nxe4 6. Qxe4 Be6 7. Qe3 Bf5 8. c4 e6 9. b3 Na6 10. a3 Nc5 11. d4 Ne4 12. Bd3 Qa5+ 13.
Kf1 Qc3 14. Bxe4 Qxe3 15. Bxc6+ bxc6 16. Bxe3 Rb8 17. Nd2 Bd3+ 18. Ke1 Be7 19. f3 O-O 20. Kf2 Rfd8 21. Ra2 Bf6 22. Rd1 Bg6 23. b4 Bxd4 24. Bxd4 Rxd4 25. Rc1 Rd3 26. c5 e5 27. Nc4 f6 28. Ke2 e4 29. fxe4 Bxe4 30. Nd6 Bg6 31. b5 cxb5 32. Rd2 Rxd2+ 33. Kxd2 Be8 34. Nxe8 Rxe8 35. Kc3 a5 36. c6 Kf7 37. Kd4 Ke7 38.
Re1+ Kf7 39. Rxe8 Kxe8 40. Kc5 Kd8 41. Kxb5 Kc7 42. Kxa5 Kxc6 43. Kb4 f5 44. Kc4 1-0

[Event "RUS-ch Rapid 2021"]
[Site "Sochi"]
[Date "2021.10.13"]
[Round "7.10"]
[White "Kokarev, Dmitry"]
[Black "Khegay, Dmitriy"]
[Result "1-0"]
[ECO "C96"]
[WhiteElo "2579"]
[BlackElo "2521"]
[Annotator "ChessBase"]
[PlyCount "103"]
[EventDate "2021.10.12"]
[EventType "swiss"]
[EventCountry "RUS"]
[SourceTitle "playchess.com"]
[Source "ChessBase"]
[SourceQuality "1"]
[TimeControl "900+10"]

1. e4 e5 2. Nf3 Nc6 3. Bb5 a6 4. Ba4 Nf6 5. O-O Be7 6. Re1 b5 7. Bb3 d6 8. c3 O-O 9. h3 Na5 10. Bc2 c5 11. d4 Nd7 12. a4 Bb7 13.
d5 Qc7 14. b4 Nc4 15. Nfd2 f5 16. Nxc4 bxc4 17. exf5 Nf6 18. Bg5 Nxd5 19. Be4 Bxg5 20. Bxd5+ Bxd5 21. Qxd5+ Kh8 22. bxc5 Qxc5 23.
Qxc5 dxc5 24. Rxe5 Rad8 25. Na3 Bd2 26. Rxc5 Bxc3 27. Rb1 Rd2 28. Nxc4 Rxf2 29. Kxf2 Bd4+ 30. Kf3 Bxc5 31. Ke4 g6 32. fxg6 hxg6 33. Rb7 Rf2 34. g4 Kg8 35. Kd5 Bf8 36. Rb6 Rh2 37. Rxg6+ Kh7 38. Rxa6 Rxh3 39. a5 Rg3 40. Ne5 Bg7 41. Ra7 Kg8 42. a6 Ra3 43. Nc6 Kh7 44. Ne5 Kg8 45. Nc4 Rd3+ 46. Kc6 Rc3 47. Kc5 Rd3 48. Rb7 Bd4+ 49. Kc6 Rg3 50. Nb6 Rc3+ 51. Kd5 Bxb6 52. Rxb6 1-0

[Event "RUS-ch Rapid 2021"]
[Site "Sochi"]
[Date "2021.10.13"]
[Round "7.11"]
[White "Afanasiev, Nikita"]
[Black "Nesterov, Arseniy"]
[Result "1/2-1/2"]
[ECO "A12"]
[WhiteElo "2560"]
[BlackElo "2514"]
[Annotator "ChessBase"]
[PlyCount "89"]
[EventDate "2021.10.12"]
[EventType "swiss"]
[EventCountry "RUS"]
[SourceTitle "playchess.com"]
[Source "ChessBase"]
[SourceQuality "1"]
[TimeControl "900+10"]

1. c4 c6 2. Nf3 d5 3. e3 Nf6 4. b3 Bf5 5. Bb2 e6 6. Be2 h6 7. O-O Nbd7 8.
Nc3 Be7 9. Qc1 O-O 10. Ba3 e5 11. d4 e4 12. Ne5 Re8 13. Nxd7 Bxd7 14. Bxe7 Qxe7 15. Qd2 h5 16. Rac1 Bg4 17. cxd5 cxd5 18. Nb5 Red8 19. Rc7 Rd7 20. Rfc1 a6 21. Rxd7 Qxd7 22. Nc3 Rc8 23. h3 Bxe2 24. Nxe2 Rc6 25. Rc5 Qd6 26. Qa5 g6 27. Nf4 Kg7 28. h4 b6 29. Rxc6 Qxc6 30. Qd2 a5 31. f3 exf3 32. gxf3 Ne8 33. Qb2 Qf6 34. Qf2 Qc6 35. Qb2 Qf6 36. Nxd5 Qxh4 37. Qg2 Qe1+ 38. Kh2 Qh4+ 39. Qh3 Qf2+ 40. Qg2 Qh4+ 41. Qh3 Qf2+ 42. Qg2 Qh4+ 43. Qh3 Qf2+ 44. Qg2 Qh4+ 45. Qh3 1/2-1/2

[Event "RUS-ch Rapid 2021"]
[Site "Sochi"]
[Date "2021.10.13"]
[Round "7.12"]
[White "Khanin, Semen"]
[Black "Vastrukhin, Oleg"]
[Result "0-1"]
[ECO "B12"]
[WhiteElo "2521"]
[BlackElo "2382"]
[Annotator "RC"]
[PlyCount "124"]
[EventDate "2021.10.12"]
[EventType "swiss"]
[EventCountry "RUS"]
[SourceTitle "playchess.com"]
[Source "ChessBase"]
[SourceQuality "1"]
[TimeControl "900+10"]

1. e4 g6 2. d4 Bg7 3. Nf3 c6 4. c3 d5 5. Nbd2 dxe4 6. Nxe4 Nf6 7. Nxf6+ exf6 8. Bd3 O-O 9. O-O a5 10. h3 Na6 11. Bf4 Nc7 12. Re1 a4 13.
a3 Nd5 14. Bh2 b5 15. c4 bxc4 16. Bxc4 Qb6 17. Qd2 Ba6 18. Bxa6 Qxa6 19. Rac1 Rfe8 20. Qc2 Rxe1+ 21. Rxe1 h5 22. h4 Qb5 23. Nd2 f5 24. Be5 Re8 25. Nc4 Re6 26. Re2 Bf8 27. Kf1 f4 28. Nd2 Kh7 29. Qc4 Be7 30.
Qxb5 cxb5 31. g3 Rc6 32. Nf3 fxg3 33. fxg3 f6 34. Bb8 Kg7 35. Ke1 Kf7 36. Kd2 Rc8 37. Ba7 Rc7 38. Bc5 Bxc5 39. dxc5 Rxc5 40. Nd4 Nb6 41. Ne6 Re5 42. Rxe5 fxe5 43. Nc7 Nc4+ 44. Kc3 Nd6 45. Kb4 e4 46. Kc3 Kf6 47. Kd4 Kf5 48. Nd5 Kg4 49. Nf4 Kf3 50. Nxg6 Nf5+ 51. Kc3 e3 52. Ne5+ Kxg3 53. Kd3 Kxh4 54. Ke4 Nd6+ 55. Kf3 Nc4 56. Nd3 Kg5 57. Nf4 Nxb2 58. Ne6+ Kf6 59. Nc7 Nc4 60. Nxb5 Ke5 61. Nc3 h4 62. Nxa4 Kd4 0-1

[Event "RUS-ch Rapid 2021"]
[Site "Sochi"]
[Date "2021.10.13"]
[Round "7.13"]
[White "Demidov, Mikhail"]
[Black "Zakhartsov, Vladimir"]
[Result "1/2-1/2"]
[ECO "A00"]
[WhiteElo "2551"]
[BlackElo "2514"]
[Annotator "RC"]
[PlyCount "59"]
[EventDate "2021.10.12"]
[EventType "swiss"]
[EventCountry "RUS"]
[SourceTitle "playchess.com"]
[Source "ChessBase"]
[SourceQuality "1"]
[TimeControl "900+10"]

1. g3 e5 2. Bg2 d5 3. d3 Nf6 4. a3 c6 5. Nc3 Bf5 6. Nf3 Nbd7 7. O-O h6 8.
Nd2 Be7 9. e4 dxe4 10. Ncxe4 O-O 11. Nxf6+ Bxf6 12. Re1 Re8 13.
Nc4 Qc7 14. Bd2 Be6 15. Ne3 e4 16. Bc3 exd3 17. cxd3 Rad8 18. Qc2 Qb6 19. Nc4 Bxc4 20. dxc4 Bxc3 21. Qxc3 Nf6 22. c5 Qc7 23. b4 Qd7 24. h3 a6 25. Rxe8+ Rxe8 26. Re1 Rd8 27. Qe3 Re8 28. Qc3 Rd8 29. Qe3 Re8 30. Qc3 1/2-1/2

[Event "RUS-ch Rapid 2021"]
[Site "Sochi"]
[Date "2021.10.13"]
[Round "7.14"]
[White "Bryakin, Mikhail"]
[Black "Nozdrachev, Vladislav"]
[Result "1/2-1/2"]
[ECO "E06"]
[WhiteElo "2498"]
[BlackElo "2495"]
[Annotator "RC"]
[PlyCount "202"]
[EventDate "2021.10.12"]
[EventType "swiss"]
[EventCountry "RUS"]
[SourceTitle "playchess.com"]
[Source "ChessBase"]
[SourceQuality "1"]
[TimeControl "900+10"]

1. d4 d5 2. Nf3 Nf6 3. c4 e6 4. g3 Be7 5. Bg2 O-O 6. O-O dxc4 7. Qc2 c6 8. Qxc4 b5 9. Qb3 Bb7 10. Rd1 Qb6 11. Nc3 Nbd7 12. Bg5 h6 13.
Bxf6 Nxf6 14. Ne5 Rfd8 15. e3 a6 16. Rac1 Bd6 17. Nc4 Qc7 18.
Nxd6 Qxd6 19. Na4 bxa4 20. Qxb7 c5 21. Qc6 Qxc6 22. Bxc6 Rab8 23. dxc5 Rxd1+ 24. Rxd1 Rxb2 25. Bxa4 Rxa2 26. c6 Nd5 27. Bb3 Rb2 28. Bxd5 exd5 29. Rxd5 Rc2 30. Rd8+ Kh7 31. Rc8 h5 32. h3 a5 33. Kg2 a4 34. Kf3 a3 35. c7 g6 36. Ra8 Rxc7 37. Rxa3 Kg7 38. Ra6 Rc4 39. Rd6 Ra4 40. Rd4 Ra2 41. Rd6 Ra4 42. Rb6 Rc4 43.
Ra6 Rb4 44. e4 Rb3+ 45. Kf4 h4 46. f3 hxg3 47. Kxg3 Rb5 48. Kf4 Rb1 49. Ra7 Rh1 50. Kg3 Rg1+ 51. Kf2 Rh1 52. Kg2 Re1 53. Ra8 Rb1 54. Ra5 Kh6 55. Rd5 Kg7 56. h4 Ra1 57. h5 gxh5 58.
Rxh5 Kg6 59. Rf5 f6 60. Kg3 Ra3 61. Kf4 Rb3 62. Ra5 Rc3 63.
Ra6 Rc5 64. Kg4 Rg5+ 65. Kf4 Rb5 66. Ra1 Rc5 67. Rg1+ Kf7 68.
Ra1 Kg6 69. Ra7 Rb5 70. Rd7 Ra5 71. Rd5 Ra3 72. Rd6 Ra5 73.
Ke3 Ra1 74. Rc6 Ra3+ 75. Kf2 Ra4 76. Kg3 Ra5 77. f4 Kf7 78.
Rc7+ Kg6 79. f5+ Kh6 80. Kf4 Ra1 81. Rf7 Ra6 82. Re7 Ra1 83.
Rf7 Ra6 84. Kg4 Rb6 85. Rd7 Rb1 86. Kf3 Rf1+ 87. Ke2 Ra1 88.
Kf3 Rf1+ 89. Kg3 Rg1+ 90. Kf2 Ra1 91. Rf7 Kg5 92. Ke3 Ra3+ 93.
Kd4 Ra5 94. Ke3 Ra3+ 95. Kd4 Kf4 96. Kd5 Ra5+ 97. Ke6 Ra6+ 98. Kd5 Ra5+ 99. Ke6 Kxe4 100. Rxf6 Re5+ 101. Kd6 Rxf5 1/2-1/2

[Event "RUS-ch Rapid 2021"]
[Site "Sochi"]
[Date "2021.10.13"]
[Round "7.15"]
[White "Antipov, Mikhail Al."]
[Black "Gutenev, Alexander"]
[Result "1/2-1/2"]
[ECO "B31"]
[WhiteElo "2619"]
[BlackElo "2455"]
[Annotator "RC"]
[PlyCount "112"]
[EventDate "2021.10.12"]
[EventType "swiss"]
[EventCountry "RUS"]
[SourceTitle "playchess.com"]
[Source "ChessBase"]
[SourceQuality "1"]
[TimeControl "900+10"]

1. e4 c5 2. Nf3 Nc6 3. Bb5 g6 4. Bxc6 bxc6 5. O-O Bg7 6.
Re1 Qc7 7. d3 d6 8. e5 dxe5 9. Nc3 c4 10. dxc4 f5 11. Be3 e4 12. Bd4 Nf6 13. Be5 Qa5 14. Rb1 exf3 15. Qxf3 O-O 16. b4 Qa6 17. b5 cxb5 18. Bxf6 Bxf6 19. Nd5 Rb8 20. Nxe7+ Kg7 21. Qf4 Be6 22. Qc7 Bxe7 23. Qxe7+ Bf7 24. cxb5 Qxa2 25. h4 Rfe8 26. Qc5 Qc4 27. Qxa7 Rxb5 28. Qa1+ Kg8 29. Rxe8+ Bxe8 30. Re1 Rb8 31.
Qf6 Bf7 32. h5 Re8 33. Rxe8+ Bxe8 34. h6 Qf7 35. Qe5 Qf8 36. c4 Bf7 37. Qf4 Qd8 38. c5 Qd7 39. Qb8+ Be8 40. Qe5 Kf7 41. c6 Qd1+ 42. Kh2 Bxc6 43. Qg7+ Ke6 44. Qxh7 Qh5+ 45. Kg1 Qg5 46. Qg8+ Kd6 47. Qf8+ Kc7 48. Qg7+ Kc8 49. Qg8+ Kb7 50. Qb3+ Kc8 51. Qg8+ Kb7 52. Qb3+ Ka6 53. Qc4+ Kb7 54. Qb3+ Ka6 55. Qa3+ Kb7 56. Qb3+ Ka6 1/2-1/2

[Event "RUS-ch Rapid 2021"]
[Site "Sochi"]
[Date "2021.10.13"]
[Round "7.16"]
[White "Yatzenko, Anton"]
[Black "Grachev, Boris"]
[Result "0-1"]
[ECO "D02"]
[WhiteElo "2370"]
[BlackElo "2615"]
[Annotator "RC"]
[PlyCount "50"]
[EventDate "2021.10.12"]
[EventType "swiss"]
[EventCountry "RUS"]
[SourceTitle "playchess.com"]
[Source "ChessBase"]
[SourceQuality "1"]
[TimeControl "900+10"]

1. d4 d5 2. Nf3 Nf6 3. Bf4 Bf5 4. e3 e6 5. c4 Bxb1 6. Qxb1 Bb4+ 7. Kd1 Bd6 8. Bxd6 Qxd6 9. cxd5 exd5 10. Bd3 Nbd7 11. Ke2 O-O 12. Rd1 Rae8 13. Qc2 Ne4 14. g3 f5 15. Kf1 c6 16. b4 Qh6 17. h4 Ndf6 18.
Bxe4 fxe4 19. Nh2 g5 20. Kg2 gxh4 21. gxh4 Qxh4 22. Rg1 Kh8 23. Kh1 h5 24. Rg2 Ng4 25. Kg1 Rg8 0-1

[Event "RUS-ch Rapid 2021"]
[Site "Sochi"]
[Date "2021.10.13"]
[Round "7.17"]
[White "Smirnov, Timofey"]
[Black "Kezin, Roman"]
[Result "1/2-1/2"]
[ECO "B48"]
[WhiteElo "2409"]
[BlackElo "2492"]
[Annotator "RC"]
[PlyCount "89"]
[EventDate "2021.10.12"]
[EventType "swiss"]
[EventCountry "RUS"]
[SourceTitle "playchess.com"]
[Source "ChessBase"]
[SourceQuality "1"]
[TimeControl "900+10"]

1. e4 c5 2. Nf3 e6 3. d4 cxd4 4. Nxd4 Nc6 5. Nc3 Qc7 6. Be3 a6 7. Qd2 Nf6 8. f3 b5 9. O-O-O Be7 10. g4 Nxd4 11. Bxd4 Bb7 12. Kb1 O-O 13. h4 b4 14. Ne2 e5 15. Be3 Rfd8 16. g5 Nh5 17. c4 bxc3 18.
Nxc3 Bb4 19. Qf2 Bxc3 20. Rc1 Bxe4+ 21. fxe4 Qb7 22. Ka1 Bxb2+ 23. Qxb2 Qxe4 24. Bg2 Qxe3 25. Bxa8 Rxa8 26.
Rhe1 Qh3 27. Qb7 Rf8 28. Rc8 d6 29. Rxf8+ Kxf8 30. Qb8+ Ke7 31. Rc1 Nf4 32. Qb7+ Kd8 33. Qc7+ Ke8 34. Qb8+ Ke7 35. Qb7+ Kd8 36. Qxf7 Ne6 37. Qb7 Nc5 38. Qxg7 Qxh4 39. Qf6+ Kd7 40. Qf5+ Kc7 41. Qf7+ Kc6 42. Qe8+ Kc7 43. Qf7+ Kc6 44. Qe8+ Kc7 45. Qf7+ 1/2-1/2

[Event "RUS-ch Rapid 2021"]
[Site "Sochi"]
[Date "2021.10.13"]
[Round "7.18"]
[White "Petrov, Nikita"]
[Black "Derjabin, Ilja"]
[Result "1-0"]
[ECO "A53"]
[WhiteElo "2539"]
[BlackElo "2353"]
[Annotator "ChessBase"]
[PlyCount "79"]
[EventDate "2021.10.12"]
[EventType "swiss"]
[EventCountry "RUS"]
[SourceTitle "playchess.com"]
[Source "ChessBase"]
[SourceQuality "1"]
[TimeControl "900+10"]

1. d4 Nf6 2. c4 d6 3. Nc3 Bf5 4. g3 c6 5. Bg2 Nbd7 6. e4 Bg6 7. Nge2 e5 8.
O-O Bh5 9. f3 Be7 10. Be3 h6 11. Qc2 O-O 12. h3 Bg6 13. f4 exd4 14. Bxd4 Re8 15. g4 Bf8 16. Ng3 Qa5 17. Qf2 c5 18. Bxf6 Nxf6 19. e5 dxe5 20. f5 Bh7 21. Nd5 Nxd5 22. Bxd5 Rad8 23. Ne4 Qb4 24. Rad1 Rxd5 25. Rxd5 Qxc4 26. Qf3 Qxa2 27. Rd7 Qxb2 28. g5 c4 29. g6 Bxg6 30. fxg6 Qb6+ 31. Kh1 Qxg6 32. Rxf7 Be7 33. Rf5 Bg5 34. Rg1 Qc6 35. Nxg5 e4 36. Qg2 hxg5 37. Rxg5 e3 38. Rxg7+ Kh8 39. Qxc6 bxc6 40. R7g4 1-0

[Event "RUS-ch Rapid 2021"]
[Site "Sochi"]
[Date "2021.10.13"]
[Round "7.19"]
[White "Popov, Valerij"]
[Black "Ekdyshman, Mikhail"]
[Result "1-0"]
[ECO "B20"]
[WhiteElo "2537"]
[BlackElo "2315"]
[Annotator "ChessBase"]
[PlyCount "99"]
[EventDate "2021.10.12"]
[EventType "swiss"]
[EventCountry "RUS"]
[SourceTitle "playchess.com"]
[Source "ChessBase"]
[SourceQuality "1"]
[TimeControl "900+10"]

1. e4 c5 2. Ne2 d6 3. g3 g6 4. Bg2 Bg7 5. c3 h5 6. h3 Nf6 7. d4 Nc6 8. O-O h4 9. g4 Nxg4 10. dxc5 Nf6 11. cxd6 exd6 12. Na3 O-O 13. Bg5 Be6 14. Bxh4 Qa5 15. Nf4 Rfe8 16. Bg3 Rad8 17. Re1 b5 18. Nc2 b4 19. cxb4 Nxb4 20. Nxe6 Rxe6 21. Nd4 Ree8 22. a3 Qb6 23. axb4 Nh5 24. Ne2 Nxg3 25. Nxg3 Bxb2 26. Rb1 Bc3 27. Re3 Bxb4 28. Ne2 d5 29. Nf4 d4 30. Reb3 a5 31. Nd5 Qc5 32. Nxb4 axb4 33. Rxb4 Re7 34. Rb5 Qc3 35. Rc1 Qa3 36. Rb3 Qa5 37. Rd3 Qe5 38. Qd2 g5 39. Rd1 Red7 40. Qe2 Kg7 41. Qg4 Rd6 42. h4 Rg6 43. Qf5 Qe7 44. hxg5 Rxg5 45. Qf4 Rd6 46. Rg3 Rxg3 47. Qxg3+ Rg6 48. Qf4 Qc5 49. e5 Qd5 50. Qf6+ 1-0

[Event "RUS-ch Rapid 2021"]
[Site "Sochi"]
[Date "2021.10.13"]
[Round "7.20"]
[White "Gitelson, Arkady"]
[Black "Potapov, Pavel"]
[Result "0-1"]
[ECO "B20"]
[WhiteElo "2188"]
[BlackElo "2481"]
[Annotator "RC"]
[PlyCount "50"]
[EventDate "2021.10.12"]
[EventType "swiss"]
[EventCountry "RUS"]
[SourceTitle "playchess.com"]
[Source "ChessBase"]
[SourceQuality "1"]
[TimeControl "900+10"]

1. e4 c5 2. b3 Nc6 3. Bb2 d6 4. Bb5 Bd7 5. f4 a6 6. Bxc6 Bxc6 7. d3 Nf6 8.
Nf3 e6 9. O-O Be7 10. Nbd2 Qc7 11. Qe1 O-O-O 12. Nc4 b5 13. Na5 Ba8 14. a3 d5 15. e5 Nd7 16. c4 bxc4 17. bxc4 d4 18. Rb1 h6 19. Bc1 g5 20.
fxg5 hxg5 21. Bxg5 Bxg5 22. Nxg5 Rdg8 23. h4 Qxe5 24. Rxf7 Rxg5 25. hxg5 Qh2+ 0-1

[Event "RUS-ch Rapid 2021"]
[Site "Sochi"]
[Date "2021.10.13"]
[Round "7.21"]
[White "Murzin, Volodar"]
[Black "Gubsky, Egor"]
[Result "1-0"]
[ECO "B30"]
[WhiteElo "2513"]
[BlackElo "2339"]
[Annotator "RC"]
[PlyCount "97"]
[EventDate "2021.10.12"]
[EventType "swiss"]
[EventCountry "RUS"]
[SourceTitle "playchess.com"]
[Source "ChessBase"]
[SourceQuality "1"]
[TimeControl "900+10"]

1. e4 c5 2. Nf3 Nc6 3. Bb5 e6 4. O-O Nge7 5. d4 cxd4 6. Nxd4 Nxd4 7. Qxd4 a6 8. Be2 Nc6 9. Qd1 Be7 10. Be3 O-O 11. c4 d6 12. Nc3 Rb8 13.
Qd2 Qc7 14. Rac1 Ne5 15. b3 b6 16. f4 Nd7 17. Rfd1 Rd8 18.
Bf3 Bb7 19. Qf2 Ba8 20. g4 Bf8 21. g5 Qb7 22. Ne2 Nc5 23.
Ng3 b5 24. h4 bxc4 25. Rxc4 Qb5 26. h5 Rbc8 27. Bg2 d5 28. Rcd4 Qe8 29. Qd2 e5 30. fxe5 Ne6 31. Rxd5 Bxd5 32. exd5 Nc5 33. Bd4 Nd7 34. Re1 Qe7 35. d6 Qe6 36. Qf2 Qg4 37. Bd5 Kh8 38. Kh2 Qxg5 39. Qxf7 Bxd6 40. Nf5 Bxe5+ 41. Rxe5 Rc2+ 42. Kh3 Nf6 43.
Ne3 Rh2+ 44. Kxh2 Qh4+ 45. Kg2 Qxd4 46. h6 Rg8 47. hxg7+ Rxg7+ 48. Qxg7+ Kxg7 49. Nf5+ 1-0

[Event "RUS-ch Rapid 2021"]
[Site "Sochi"]
[Date "2021.10.13"]
[Round "7.22"]
[White "Kukhmazov, Arsen"]
[Black "Truskavetsky, Alexandr"]
[Result "1/2-1/2"]
[ECO "A85"]
[WhiteElo "2472"]
[BlackElo "2371"]
[Annotator "RC"]
[PlyCount "158"]
[EventDate "2021.10.12"]
[EventType "swiss"]
[EventCountry "RUS"]
[SourceTitle "playchess.com"]
[Source "ChessBase"]
[SourceQuality "1"]
[TimeControl "900+10"]

1. d4 f5 2. c4 Nf6 3. Nc3 g6 4. h4 Bg7 5. h5 Nxh5 6. e4 Nf6 7. exf5 gxf5 8.
Bh6 Rg8 9. Qd2 d6 10. O-O-O Nc6 11. Nf3 Bh8 12. Re1 Ne4 13. Nxe4 fxe4 14. Rxe4 Bf5 15. Rf4 Qd7 16. g3 e5 17. dxe5 dxe5 18. Qxd7+ Bxd7 19. Re4 O-O-O 20. Be3 Nb4 21. Bh3 Rgf8 22. Bxd7+ Rxd7 23. Ng5 Nxa2+ 24. Kb1 Nb4 25. Nxh7 Rfd8 26. Kc1 Nd3+ 27. Kb1 Nb4 28. Kc1 Nd3+ 29. Kb1 Nb4 30. b3 Rd1+ 31. Rxd1 Rxd1+ 32. Kb2 Re1 33. Kc3 a5 34. Rg4 Rd1 35. Rg8+ Rd8 36. Rxd8+ Kxd8 37. Ng5 Kd7 38. Ne4 b6 39. g4 Ke6 40. Kd2 Bg7 41. f3 Nc6 42. Kd3 Nb4+ 43. Kd2 Nc6 44. Ke2 Bf8 45. Nc3 Nb4 46. Kd2 Be7 47. Ne4 Nc6 48. Ke2 Nb4 49. Nc3 Bf8 50. Nb5 Kd7 51. Bd2 Nc6 52. Kd3 Nd8 53. Ke4 Bg7 54. Kf5 Ne6 55. Be3 c6 56. Na3 Nd4+ 57. Bxd4 exd4 58. Ke4 Kd6 59. Nc2 Kc5 60. Kd3 b5 61. cxb5 cxb5 62. f4 a4 63. b4+ Kd5 64. g5 Bf8 65. Nxd4 Bxb4 66. Nxb5 Ke6 67. Nd4+ Kf7 68. Nc6 Bd6 69. f5 a3 70. Kc2 Bf4 71. g6+ Kf6 72. Kb3 Bh6 73. Nd4 Bf8 74. Ka2 Ke5 75.
Kb3 Kf6 76. Ne6 Kxf5 77. Nxf8 Kf6 78. Kxa3 Kg7 79. Ne6+ Kxg6 1/2-1/2

[Event "RUS-ch Rapid 2021"]
[Site "Sochi"]
[Date "2021.10.13"]
[Round "7.23"]
[White "Zakaryan, David"]
[Black "Ivlev, Aleksey"]
[Result "1-0"]
[ECO "D45"]
[WhiteElo "2283"]
[BlackElo "2315"]
[Annotator "NA RC"]
[PlyCount "207"]
[EventDate "2021.10.12"]
[EventType "swiss"]
[EventCountry "RUS"]
[SourceTitle "playchess.com"]
[Source "ChessBase"]
[SourceQuality "1"]
[TimeControl "900+10"]

1. c4 c6 2. d4 d5 3. Nf3 Nf6 4. Nc3 e6 5. e3 Nbd7 6. Qc2 Bd6 7. g4 h6 8. Rg1 Qe7 9. Bd2 b6 10. O-O-O Bb7 11. h4 dxc4 12. e4 e5 13. g5 hxg5 14. hxg5 Nh5 15. Bxc4 b5 16. Bb3 b4 17. Ne2 c5 18. dxe5 Nxe5 19. Nxe5 Qxe5 20. Qc4 O-O-O 21. Bxb4 Qxe4 22. Rd4 Bf4+ 23.
Bd2 Rxd4 24. Qxc5+ Kb8 25. Qxd4 Rc8+ 26. Kd1 Qb1+ 27. Nc1 Bf3+ 28. Ke1 Rxc1+ 29. Bxc1 Qxc1+ 30. Bd1 Bxd1 31.
Qxd1 Qxd1+ 32. Kxd1 Be5 33. g6 fxg6 34. Rxg6 Bf6 35. Rg4 Kc7 36. Rc4+ Kb6 37. b3 a6 38. Re4 Ba1 39. Kc2 Nf6 40. Rb4+ Kc6 41. Rc4+ Kb7 42. b4 Be5 43. a4 Kb6 44. Kb3 Bd6 45. Rd4 Kc6 46.
Kc4 Nd7 47. b5+ axb5+ 48. axb5+ Kc7 49. Kd5 Nb6+ 50. Ke6 Ba3 51. Rf4 Nc8 52. Rf7+ Kb6 53. Rxg7 Kxb5 54. f4 Kc6 55. f5 Nd6 56. f6 Ne8 57. Rg3 Nc7+ 58. Kf7 Bd6 59. Rc3+ Kd7 60. Rd3 Ne6 61. Re3 Nc7 62. Rd3 Ne6 63. Re3 Nc7 64. Re2 Bc5 65. Kg8 Ne6 66. Kf7 Nc7 67. Ra2 Bd6 68. Kg6 Ne6 69. Kf5 Nd4+ 70. Kg6 Ne6 71. Ra7+ Kc6 72. Kf7 Ng5+ 73. Kg6 Ne6 74. Ra5 Kd7 75. Kf7 Nd8+ 76. Kg6 Ne6 77. Ra1 Bc5 78. Kf5 Nf8 79. Ra6 Bd6 80. Ra7+ Kc6 81. Re7 Bc5 82. Rf7 Bd6 83. Ra7 Bc5 84. Ra6+ Kb5 85. Ra8 Bd6 86. Rc8 Kb6 87. f7 Kb7 88. Rc2 Be7 89. Ke5 Kb8 90. Kd5 Kb7 91. Re2 Bf6 92. Kd6 Bc3 93. Re4 Bg7 94. Rg4 Bh6 95. Ke7 Nh7 96. Rg8 Bd2 97. Rg4 Bc1 98. Rb4+ Ka6 99. Rb3 Bd2 100. Rb8 Ka5 101. Rh8 Bb4+ 102. Ke8 Nf6+ 103. Kd8 Ka4 104. Rh4 1-0

[Event "RUS-ch Rapid 2021"]
[Site "Sochi"]
[Date "2021.10.13"]
[Round "7.24"]
[White "Smagin, Sergey"]
[Black "Grebnev, Aleksey"]
[Result "0-1"]
[ECO "B22"]
[WhiteElo "2551"]
[BlackElo "2469"]
[Annotator "RC"]
[PlyCount "73"]
[EventDate "2021.10.12"]
[EventType "swiss"]
[EventCountry "RUS"]
[SourceTitle "playchess.com"]
[Source "ChessBase"]
[SourceQuality "1"]
[TimeControl "900+10"]

1. e4 c5 2. c3 Nf6 3. e5 Nd5 4. Nf3 Nc6 5. Na3 e6 6. Nc4 Qc7 7. a4 Nb6 8. d4 Nxc4 9. Bxc4 cxd4 10. cxd4 Nb4 11. Qe2 b6 12. O-O Bb7 13. Bd2 Be7 14. Rfc1 Qd8 15. Bxb4 Bxb4 16. Bd3 O-O 17. Be4 Bxe4 18. Qxe4 d5 19. Qd3 a6 20. Rc6 b5 21. h3 Qd7 22. axb5 axb5 23. Rxa8 Qxc6 24. Rxf8+ Bxf8 25. b3 h6 26. g3 Bb4 27. Kg2 Ba3 28. h4 g6 29. h5 gxh5 30.
Ng1 Bc1 31. Ne2 b4 32. f4 Bb2 33. f5 exf5 34. Nf4 h4 35. Qxf5 Bxd4 36. gxh4 Be3 37. e6 0-1

[Event "RUS-ch Rapid 2021"]
[Site "Sochi"]
[Date "2021.10.13"]
[Round "8.1"]
[White "Riazantsev, Alexander"]
[Black "Tsydypov, Zhamsaran"]
[Result "1/2-1/2"]
[ECO "D30"]
[WhiteElo "2634"]
[BlackElo "2526"]
[Annotator "RC"]
[PlyCount "135"]
[EventDate "2021.10.12"]
[EventType "swiss"]
[EventCountry "RUS"]
[SourceTitle "playchess.com"]
[Source "ChessBase"]
[SourceQuality "1"]
[TimeControl "900+10"]

1. d4 d5 2. c4 e6 3. Nf3 Nf6 4. Bg5 Be7 5. e3 Nbd7 6. Qc2 O-O 7. cxd5 Nxd5 8. Bxe7 Qxe7 9. e4 N5f6 10. Bd3 e5 11. Qxc7 exd4 12. O-O Nxe4 13. Bxe4 Qxe4 14. Rd1 Re8 15. Nbd2 Qd5 16. Nf1 d3 17. Qc3 Nc5 18. Ne3 Qd6 19. Rac1 b6 20. b4 Ne4 21. Qxd3 Qxd3 22. Rxd3 Be6 23. Nd4 Bxa2 24. Ra3 Be6 25. Nxe6 fxe6 26. Rc7 a5 27. bxa5 bxa5 28. f3 Nd6 29. Rc5 a4 30. Nc4 Red8 31. Nb6 Rab8 32. Nxa4 Rb1+ 33. Kf2 Nf5 34. Rc2 Rh1 35. Nc3 Rxh2 36. Kg1 Rh6 37. Raa2 Rg6 38. Kh2 h5 39. Rd2 Rc8 40. Ne4 Ne3 41. Ra1 h4 42. Re1 Nf5 43. Nd6 Nxd6 44. Rxd6 Rc2 45. Rg1 Kf7 46. Rd4 Rg3 47. Rf4+ Ke7 48. Rxh4 Rxf3 49. Rg4 Kf6 50. Rc1 Rff2 51. Rxc2 Rxc2 52. Rf4+ Ke5 53. Rf7 g5 54. Kg3 Rc4 55. Rg7 Kf6 56. Rg8 Ra4 57. Rf8+ Kg7 58. Rb8 Kf7 59. Rc8 Rd4 60. Kf3 Kf6 61. Rf8+ Ke5 62. Rg8 Rf4+ 63. Ke3 Kf5 64. Rf8+ Kg4 65. Rxf4+ gxf4+ 66. Ke4 Kg3 67. Ke5 Kxg2 68. Kxf4 1/2-1/2

[Event "RUS-ch Rapid 2021"]
[Site "Sochi"]
[Date "2021.10.13"]
[Round "8.2"]
[White "Sjugirov, Sanan"]
[Black "Iljiushenok, Ilia"]
[Result "1/2-1/2"]
[ECO "E81"]
[WhiteElo "2663"]
[BlackElo "2554"]
[Annotator "RC"]
[PlyCount "81"]
[EventDate "2021.10.12"]
[EventType "swiss"]
[EventCountry "RUS"]
[SourceTitle "playchess.com"]
[Source "ChessBase"]
[SourceQuality "1"]
[TimeControl "900+10"]

1. d4 Nf6 2. c4 g6 3. Nc3 Bg7 4. e4 d6 5. f3 O-O 6. Nge2 Nbd7 7. Be3 a6 8.
Qd2 b5 9. Bh6 Bxh6 10. Qxh6 c5 11. h4 b4 12. Nd5 e6 13. Ne3 Qa5 14. b3 cxd4 15. Nxd4 Qe5 16. O-O-O d5 17. exd5 exd5 18. Qg5 Bb7 19. Qxe5 Nxe5 20. cxd5 Nxd5 21. Nxd5 Bxd5 22. Kb2 a5 23. Bb5 Rad8 24. Rhe1 f6 25. Rd2 Bf7 26. Red1 Rd5 27. f4 Ng4 28. Bc4 Ne3 29. Bxd5 Nxd1+ 30. Rxd1 Bxd5 31. Rd2 Re8 32. Nb5 Bc6 33. Nd6 Re1 34. g4 Rf1 35. f5 gxf5 36. Nxf5 Be4 37. Rd8+ Kf7 38. Rd7+ Kf8 39. Rd8+ Kf7 40. Rd7+ Kf8 41. Rd8+ 1/2-1/2

[Event "RUS-ch Rapid 2021"]
[Site "Sochi"]
[Date "2021.10.13"]
[Round "8.3"]
[White "Kokarev, Dmitry"]
[Black "Moiseenko, Vadim"]
[Result "1/2-1/2"]
[ECO "C70"]
[WhiteElo "2579"]
[BlackElo "2542"]
[Annotator "ChessBase"]
[PlyCount "65"]
[EventDate "2021.10.12"]
[EventType "swiss"]
[EventCountry "RUS"]
[SourceTitle "playchess.com"]
[Source "ChessBase"]
[SourceQuality "1"]
[TimeControl "900+10"]

1. e4 e5 2. Nf3 Nc6 3. Bb5 a6 4. Ba4 g6 5. d4 exd4 6. Bg5 Be7 7. Bxe7 Ngxe7 8. Nxd4 O-O 9. O-O b5 10. Nxc6 dxc6 11. Bb3 c5 12. c3 Bb7 13. Qe2 Qd6 14. Nd2 Rad8 15. Rad1 c4 16. Bc2 Qe6 17. Nf3 Nc6 18.
Qe3 Rfe8 19. h3 Kg7 20. Ng5 Qe7 21. f4 f6 22. Nf3 Rxd1 23.
Rxd1 Rd8 24. Rxd8 Nxd8 25. e5 Bxf3 26. exf6+ Kxf6 27. Qxf3 Qe1+ 28. Kh2 Qc1 29. Qf2 Ne6 30. Qh4+ Kg7 31. Qe7+ Kh6 32. Qh4+ Kg7 33. Qe7+ 1/2-1/2